 Seeded DCSS version 0.28-a0-1286-g6bde065e89 (webtiles) character file.

Game seed: 4200142385990743409 (custom seed)

224 croobank the Conjurer (level 6, -8/36 HPs)
             Began as an Octopode Conjurer on Dec 26, 2021.
             Mangled by Eustachio (10 damage)
             ... on level 4 of the Dungeon.
             The game lasted 00:18:46 (4604 turns).

croobank the Conjurer (Octopode Conjurer)           Turns: 4604, Time: 00:18:49

Health: -8/36      AC:  1    Str:  7    XL:     6   Next: 0%
Magic:  0/10       EV: 13    Int: 22    God:
Gold:   110        SH:  0    Dex: 10    Spells: 5/11 levels left

rFire   . . .      SeeInvis .   (no weapon)
rCold   . . .      Faith    .   (no shield)
rNeg    . . .      Spirit   .   (helmet restricted)
rPois   .          Reflect  .   (no amulet)
rElec   .          Harm     .   (no ring)
rCorr   .          Rampage  .   (no ring)
Will    .....                   (no ring)
Stlth   ++++......              (no ring)
HPRegen 0.12/turn               (no ring)
MPRegen 0.12/turn               (no ring)
                                (no ring)
                                (no ring)

@: about to teleport
A: almost no armour, amphibious, 8 rings, camouflage 1, gelatinous body 1,
(nimble swimmer 1), tentacles
a: no special abilities


You were on level 4 of the Dungeon.
You visited 1 branch of the dungeon, and saw 5 of its levels.

You collected 110 gold pieces.

Inventory:

Hand Weapons
 a - a +0 short sword
 d - a +0 dagger
 g - a +0 rapier
 i - a +0 mace
 k - a +0 whip
 q - a +0 flail
Missiles
 b - 43 stones
 e - 21 arrows
 v - 16 sling bullets
Magical Staves
 l - a staff of air
Scrolls
 c - 2 scrolls of acquirement {acquirement, unknown}
 f - 2 scrolls of identify {identify, unknown}
 h - a scroll of enchant weapon {enchant weapon, unknown}
 m - a scroll of fog {fog, unknown}
 n - a scroll of enchant armour {enchant armour, unknown}
 o - a scroll of torment {torment, unknown}
 w - a scroll of amnesia {amnesia, unknown}
 x - a scroll of immolation {unknown}
Potions
 j - 2 potions of curing {curing, unknown}
 p - a potion of ambrosia {ambrosia, unknown}
 r - a potion of brilliance {brilliance, unknown}
 s - a potion of attraction {attraction, unknown}
 t - a potion of degeneration {degeneration, unknown}
 u - a potion of resistance {resistance, unknown}


   Skills:
 + Level 3.3 Dodging
 + Level 4.9 Stealth
 + Level 3.2 Spellcasting
 + Level 4.9 Conjurations


You had 5 spell levels left.
You knew the following spells:

 Your Spells              Type           Power      Damage    Failure   Level
a - Magic Dart            Conj           100%       1d8       1%          1
b - Searing Ray           Conj           50%        2d6       2%          2
c - Dazzling Flash        Conj/Hex       28%        N/A       13%         3

Your spell library contained the following spells:

 Spells                   Type           Power      Damage    Failure   Level
 Frozen Ramparts          Ice            6%         1d2       36%         3
 Fulminant Prism          Conj/Hex       7%         3d7       41%         4
 Iskenderun's Mystic Bla  Conj/Tloc      14%        2d5       41%         4
 Ice Form                 Ice/Tmut       3%         N/A       77%         4
 Summon Ice Beast         Ice/Summ       3%         N/A       77%         4


Dungeon Overview and Level Annotations

Branches:
Dungeon (5/15)
 Temple: D:4-7

Altars:

Annotations:
D:4 Eustachio


Innate Abilities, Weirdness & Mutations

You cannot wear most types of armour.
You are amphibious.
You can wear up to eight rings at the same time.
Your skin changes colour to match your surroundings (Stealth+).
Your rubbery body absorbs attacks. (AC +1, EV +1)
((You are camouflaged when in or above water. (Stealth+)))
You have tentacles for arms and can constrict up to eight enemies at once.


Message History

Confirm with . or Enter, or press ? or * to list all spells.
Aiming: Searing Ray (safe; 2% risk of failure)
Press: ? - help, Shift-Dir - straight line, f/p - Eustachio
Aim: Eustachio, wielding a +0 falchion of electrocution and wearing a +0 leather armour (moderately wounded, fast, 71% to hit)
The searing ray hits Eustachio.
Eustachio is heavily wounded. (Press . to maintain the ray.)
The searing ray hits Eustachio!
Eustachio is severely wounded.
Eustachio mumbles some strange words.
Eustachio blinks!
The searing ray hits the river rat!
You kill the river rat!
The river rat's corpse disappears in a puff of smoke!
Eustachio barely misses you.
Casting: Searing Ray (safe; 2% risk of failure)
Confirm with . or Enter, or press ? or * to list all spells.
Okay, then.
Without enough magic to sustain it, your searing ray dissipates.
Eustachio gestures wildly while chanting.
Eustachio blinks!
Eustachio hits you with a +0 falchion of electrocution!
You tentacle-slap Eustachio. You grab Eustachio.
Eustachio is severely wounded.
You constrict Eustachio, but do no damage.
Eustachio barely misses you.
You tentacle-slap Eustachio but do no damage.
Eustachio is severely wounded.
You constrict Eustachio.
Eustachio hits you with a +0 falchion of electrocution! x2
* * * LOW HITPOINT WARNING * * *
You release your grip on Eustachio.
Okay, then.
As you read the scroll labelled TANWOJ UMNIGOB {teleport}, it crumbles to dust.
You feel strangely unstable.
It was a scroll of teleportation {teleport}.
Eustachio hits you with a +0 falchion of electrocution!
* * * LOW HITPOINT WARNING * * *
You are electrocuted!
You die...

###......# #.
#....#.#.#######
#.##..#.....#.....##
#..#...............##
#..................#
####).#.#.#.#.#.#....#
.....................#
.......#.#.#.#.#....<#
..>............@@....#
.#.###............<.##
...###.#.....#.....##
.......###...#######
....#### ###.## .####
#..# .# ##.# .# ### .#


You could see Eustachio (fast).

Vanquished Creatures
  A phantom (D:4)
  Jessica (D:2)
  4 gnolls (D:2)
  An adder (D:2)
  An adder skeleton (D:4)
  A worm (D:2)
  A dart slug (D:2)
  An orc (D:3)
  7 endoplasms
  4 giant cockroaches
  10 goblins
  7 hobgoblins
  4 jackals (D:2)
  4 kobolds
  2 quokkas (D:1)
  2 ball pythons
  4 bats (D:1)
  4 frilled lizards
  5 rats
64 creatures vanquished.

Notes
Turn   | Place    | Note
-------+----------+-------------------------------------------
     0 | D:1      | croobank the Octopode Conjurer began the quest for the Orb.
     0 | D:1      | Reached XP level 1. HP: 11/11 MP: 3/3
    52 | D:1      | Found a faded altar of an unknown god.
   132 | D:1      | Reached XP level 2. HP: 17/17 MP: 0/5
   352 | D:1      | Learned a level 2 spell: Searing Ray
   662 | D:1      | Reached XP level 3. HP: 21/21 MP: 2/6
  1527 | D:2      | Noticed Jessica
  1530 | D:2      | Killed Jessica
  1572 | D:2      | Reached XP level 4. HP: 27/27 MP: 4/7
  2334 | D:2      | Reached XP level 5. HP: 4/31 MP: 1/9
  3363 | D:3      | Learned a level 3 spell: Dazzling Flash
  4243 | D:4      | Noticed Eustachio
  4311 | D:4      | Noticed a phantom
  4358 | D:4      | Killed a phantom
  4536 | D:4      | Reached XP level 6. HP: 36/36 MP: 7/10
  4573 | D:5      | Entered Level 5 of the Dungeon
  4604 | D:4      | Mangled by Eustachio

Illustrated notes

Levels and vault maps discovered:
D:1:      dpeg_arrival_fog, layout_loops_ring, nicolae_ecumenical_lake_church,
          chequers_mini_garden
D:2:      layout_basic, uniq_jessica
D:3:      layout_basic, chequers_decorated_corner
D:4:      layout_rooms, vehumet_crystals, minmay_misc_feat_pillars,
          uniq_eustachio
D:5:      layout_cave_pods, serial_bayou_pond_c

Skill      XL: |  1  2  3  4  5 |
---------------+----------------+-----
Stealth        | 3 4 |  4.9
Dodging        | 3 |  3.3
Spellcasting   | 3 |  3.2
Conjurations   | |  4.9

Action                   |  1- 3 |  4- 6 || total
-------------------------+-------+-------++-------
Melee: Unarmed           |    22 |    23 ||    45
       Constrict         |     8 |     7 ||    15
       Tentacles         |     4 |     3 ||     7
 Cast: Magic Dart        |    48 |    60 ||   108
       Searing Ray       |       |     9 ||     9
  Use: Scroll            |       |     1 ||     1
Armor: Skin              |     5 |     3 ||     8
Dodge: Dodged            |    21 |    27 ||    48

Table legend: (Time is in decaauts)
 A = Elapsed time spent in this place.
 B = Non-inter-level travel time spent in this place.
 C = Inter-level travel time spent in this place.
 D = Time resting spent in this place.
 E = Time spent auto-exploring this place.
 F = Levels seen in this place.
 G = Mean time per level.
                   A        B        C        D        E       F      G
               +--------+--------+--------+--------+--------+-----+--------+
         Total |   4604 |   4527 |     77 |   1203 |   2644 |   5 |  920.8 |
       Dungeon |   4604 |   4527 |     77 |   1203 |   2644 |   5 |  920.8 |
               +--------+--------+--------+--------+--------+-----+--------+

Top non-repeatable levels by time:
     D:2: 1836 daAuts
     D:1: 1394 daAuts
     D:3: 1059 daAuts
     D:4: 312 daAuts
     D:5: 1 daAuts
